 Dungeon Crawl Stone Soup version 0.27.0-1-g7a089689b8 (webtiles) character file.

Game seed: 15781949330914746681

61 Spectrina the Ducker (level 3, -2/22 HPs)
             Began as a Deep Elf Monk on Aug 10, 2021.
             Slain by a sickly merfolk siren (22 damage)
             ... in a sewer.
             The game lasted 00:09:39 (1068 turns).

Spectrina the Ducker (Deep Elf Monk)                Turns: 1068, Time: 00:09:39

Health: -2/22      AC:  4    Str:  6 (8)  XL:     3   Next: 83%
Magic:  8/8        EV: 13    Int: 15      God:
Gold:   83         SH:  0    Dex: 14 (17) Spells: 6/6 levels left

rFire    . . .     SeeInvis .   c - +0 long sword
rCold    . . .     Faith    .   (no shield)
rNeg     . . .     Spirit   .   b - +0 robe
rPois    .         Reflect  .   (no helmet)
rElec    .         Harm     .   h - +1 cloak
rCorr    .         Rampage  .   (no gloves)
Will     .....                  (no boots)
Stlth    ++........             (no amulet)
HPRegen  0.07/turn              (no ring)
MPRegen  0.11/turn              (no ring)

@: mesmerised
A: no striking features
a: no special abilities


You were in a sewer.
You visited 1 branch of the dungeon, and saw 3 of its levels.
You also visited: Sewer.

You collected 113 gold pieces.
You spent 30 gold pieces at shops.

Inventory:

Hand Weapons
 a - a +0 short sword
 c - a +0 long sword (weapon)
 g - a +0 short sword of holy wrath
Missiles
 j - 16 arrows
Armour
 b - a +0 robe (worn)
 h - a +1 cloak (worn)
Scrolls
 f - a scroll of identify
Potions
 d - a potion of curing
 i - a potion of lignification


   Skills:
 - Level 2.4 Fighting
 - Level 3.0 Short Blades
 - Level 3.6 Dodging
 + Level 3.4 Stealth
 + Level 2.1 Spellcasting
 * Level 2.6 Invocations


You had 6 spell levels left.
You didn't know any spells.
Your spell library was empty.

Dungeon Overview and Level Annotations

Branches:
Dungeon (3/15)              Sewer (1/1)

Altars:
Yredelemnul

Shops:
D:1 *


Message History

Aim: a sickly merfolk siren, wielding a +0 trident (lightly wounded, mesmerising, 51% to hit)
You throw a stone.
The stone hits the sickly merfolk siren but does no damage.
The sickly merfolk siren is lightly wounded.
The sickly merfolk siren chants its luring song.
Throw: 3 stones
Press: ? - help, Q - select action Shift-Dir - straight line, f/p - sickly merfolk siren
Aim: a sickly merfolk siren, wielding a +0 trident (lightly wounded, mesmerising, 51% to hit)
You throw a stone. The stone hits the rat.
The rat is heavily wounded.
The sickly merfolk siren chants its luring song.
The sickly merfolk siren chants its luring song.
The rat closely misses you.
You riposte.
You hit the rat.
You kill the rat!
The sickly merfolk siren chants its luring song.
Throw: 2 stones
Press: ? - help, Q - select action Shift-Dir - straight line, f/p - sickly merfolk siren
Aim: a sickly merfolk siren, wielding a +0 trident (lightly wounded, mesmerising, 51% to hit)
You throw a stone.
The stone closely misses the sickly merfolk siren.
The sickly merfolk siren chants its luring song.
Throw: stone
Press: ? - help, Q - select action Shift-Dir - straight line, f/p - sickly merfolk siren
Aim: a sickly merfolk siren, wielding a +0 trident (lightly wounded, mesmerising, 51% to hit)
You throw a stone.
The stone hits the sickly merfolk siren.
The sickly merfolk siren is lightly wounded.
The sickly merfolk siren chants its luring song.
The sickly merfolk siren chants its luring song.
The sickly merfolk siren chants its luring song.
The sickly merfolk siren chants its luring song.
The sickly merfolk siren chants its luring song.
The sickly merfolk siren chants its luring song.
You see here a ball python corpse.
You slash the sickly merfolk siren!
The sickly merfolk siren is heavily wounded.
The sickly merfolk siren chants its luring song.
The sickly merfolk siren hits you with a +0 trident!!
Ouch! That really hurt!
You die...

## ...# ≈≈...
≈≈≈...#######
≈≈≈(≈((.m@†.#
≈(≈≈≈≈≈≈≈##†#
###≈###≈≈≈#.# ## (.
###≈≈≈#############.
$ #≈≈≈≈≈≈≈≈≈≈≈≈≈†..≈
##########≈≈≈≈≈≈≈≈
###########
#∩∩≈≈≈≈...†
###≈≈≈.####


You could see a sickly merfolk siren (mesmerising).

Vanquished Creatures
  2 adders (D:2)
  A worm (D:3)
  5 ball pythons
  An endoplasm (D:1)
  2 giant cockroaches
  A goblin (D:1)
  2 hobgoblins (D:1)
  3 jackals (D:1)
  3 quokkas
  A bat (D:1)
  2 frilled lizards (Sewer)
  3 kobolds
  18 rats
44 creatures vanquished.

Notes
Turn   | Place    | Note
-------+----------+-------------------------------------------
     0 | D:1      | Spectrina the Deep Elf Monk began the quest for the Orb.
     0 | D:1      | Reached XP level 1. HP: 13/13 MP: 3/3
    72 | D:1      | Reached skill level 1 in Invocations
   137 | D:1      | Reached XP level 2. HP: 8/18 MP: 5/5
   138 | D:1      | Reached skill level 1 in Spellcasting
   277 | D:1      | Found Ocvickie's Assorted Antiques.
   306 | D:1      | Bought a scroll labelled YTAOMP CYILI for 30 gold pieces
   530 | D:2      | Reached XP level 3. HP: 18/22 MP: 7/7
   702 | D:2      | Found a basalt altar of Yredelemnul.
   830 | D:3      | Found a faded altar of an unknown god.
   881 | D:3      | Found a glowing drain.
   902 | Sewer    | Entered a sewer
  1006 | Sewer    | Noticed a sickly merfolk siren
  1068 | Sewer    | Slain by a sickly merfolk siren

Illustrated notes

Levels and vault maps discovered:
D:1:      grunt_arrival_crossed_arrows, layout_rooms, serial_shops, shop,
          minmay_ruptured
D:2:      layout_loops_ring, basic_altar, wander_ebering_terrifying_dragon_lair
D:3:      layout_loops_cross, mainiacjoe_overflow_concentric_impassable,
          cheibrodos_sewer_entry_drain, dilly_ecumenical_altar_fadedgnrine
Sewer:    sewer_sea

Skill      XL: |  1  2  3 |
---------------+----------+-----
Invocations    | 1 2 |  2.6
Spellcasting   | 1 2 |  2.1
Stealth        | 3 |  3.4
Fighting       | |  2.4
Short Blades   | |  3.0
Dodging        | |  3.6

Action                   || total
-------------------------++-------
Melee: Short sword       ||    81
       Long sword        ||    56
Throw: Stone             ||    15
  Use: Scroll            ||     4
       Potion            ||     3
 Stab: Sleeping          ||     8
Armor: Robe              ||    21
Dodge: Dodged            ||   100
       Rpst.: Long sword ||    11
